 Dungeon Crawl Stone Soup version 0.13-a0-2859-gb62c5ab (webtiles) character file.

287423 JacquesDerrida the Anemomancer (level 21, -28/116 HPs)
             Began as a Tengu Air Elementalist on Aug 26, 2013.
             Was the Champion of Vehumet.
             Shot with a steel bolt by a yaktaur captain (54 damage)
             ... on Level 5 of the Vaults on Aug 28, 2013.
             The game lasted 06:05:09 (58948 turns).

JacquesDerrida the Anemomancer (TeAE)              Turns: 58948, Time: 06:05:09

HP -28/116       AC 18     Str 19      XL: 21   Next:  3%
MP  29/38        EV 28     Int 25      God: Vehumet [******]
Gold 1253        SH 18     Dex 15      Spells:  9 memorised,  9 levels left

Res.Fire  : . . .   See Invis. : .   t - staff of energy
Res.Cold  : + + .   Warding    : .   e - +0 ring mail of the Eight Stars {+Rage +In Life Prot.: + + . Conserve : + H - +2 buckler {AC+3}
Res.Poison: +       Res.Corr.  : .   C - +2 wizard hat
Res.Elec. : .       Clarity    : .   B - +1 cloak {rPois}
Sust.Abil.: . .     Spirit.Shd : .   d - +0 pair of gauntlets
Res.Mut.  : .       Stasis     : .   (boots unavailable)
Res.Rott. : .       Flight     : +   I - amulet "Muutugg" {Cons rPois rN+ MR++}
Saprovore : . . .                    z - +4 ring of evasion
                                     E - ring "Nyvolim" {Wiz Str+5 Int+5}

@: repel missiles, flying, very quick, incredibly resistant to hostile
enchantments, extremely unstealthy
A: able to fly continuously, beak, talons 3
a: Stop Flying, Renounce Religion, Evoke Berserk Rage, Evoke Invisibility
}: 1/15 runes: silver


You were on level 5 of the Vaults.
You worshipped Vehumet.
Vehumet was exalted by your worship.
You were not hungry.

You visited 6 branches of the dungeon, and saw 38 of its levels.
You visited 1 bazaar.
You also visited: Ice Cave.

You collected 4071 gold pieces.
You spent 2838 gold pieces at shops.

Inventory:

Hand weapons
 i - the +7,+3 falchion "Obiepal" {flame, rF+}
   (You found it on level 3 of the Elven Halls)

   It emits flame when wielded, causing extra injury to most foes and up to
   double damage against particularly susceptible opponents.
   Big, fiery blades are also staple armaments of hydra-hunters.
   It protects you from fire.
 D - the +4,+2 spear of a void (quivered) {pierce, +Blink MR++}
   (You found it on level 6 of the Lair of Beasts)

   It inflicts extra damage upon your enemies.
   It affects your resistance to hostile enchantments.
   It lets you blink.
Armour
 d - a +0 pair of gauntlets (worn)
 e - the +0 ring mail of the Eight Stars (worn) {+Rage +Inv rC++ rN+ MR++ Acc+6 Stlth-}
   (You bought it in a shop on level 11 of the Dungeon)

   It affects your accuracy (+6).
   It greatly protects you from cold.
   It protects you from negative energy.
   It affects your resistance to hostile enchantments.
   It lets you turn invisible.
   It lets you go berserk.
   It makes you much less stealthy.
 m - a +1 dwarven shield of reflection
 B - a +1 cloak of poison resistance (worn)
 C - a +2 wizard hat (worn)
 H - a +2 buckler of protection (worn)
Magical devices
 o - a wand of digging (9)
 w - a wand of cold (5)
 F - a wand of teleportation (7)
 M - a wand of disintegration (3)
Comestibles
 c - 6 bread rations
Scrolls
 g - 3 scrolls of fog
 k - 2 scrolls of teleportation
 n - 7 scrolls of remove curse
 q - 5 scrolls of identify
 v - a scroll of enchant armour
 A - 3 scrolls of magic mapping
 N - a scroll of enchant weapon I
Jewellery
 a - an uncursed ring of see invisible
 p - an uncursed ring of regeneration
 u - an uncursed amulet of the gourmand
 y - an uncursed ring of wizardry
 z - a +4 ring of evasion (right hand)
 E - the ring "Nyvolim" (left hand) {Wiz Str+5 Int+5}
   (You bought it in a shop on level 4 of the Orcish Mines)

   [ring of wizardry]

   It affects your strength (+5).
   It affects your intelligence (+5).
 I - the amulet "Muutugg" (around neck) {Cons rPois rN+ MR++}
   (You bought it in a shop on level 4 of the Orcish Mines)

   [amulet of conservation]

   It protects you from poison.
   It protects you from negative energy.
   It affects your resistance to hostile enchantments.
 O - an uncursed ring of magical power
Potions
 b - 3 potions of restore abilities
 h - a potion of resistance
 j - 2 potions of porridge
 r - a potion of brilliance
 s - a potion of agility
 x - 2 potions of curing
 G - 2 potions of speed
 K - a potion of magic
Books
 f - a book of Fire

   Spells                             Type                      Level
   Fire Brand                         Charms/Fire                  2
   Ignite Poison                      Fire/Transmutation           5
   Fireball                           Conjuration/Fire             5
   Bolt of Fire                       Conjuration/Fire             6
   Delayed Fireball                   Conjuration/Fire             7
   Ring of Flames                     Charms/Fire                  7
 P - the Volume of Bewitchment
   (You found it on level 4 of the Vaults)

   Spells                             Type                      Level
   Ensorcelled Hibernation            Hexes/Ice                    2
   Confuse                            Hexes                        3
   Inner Flame                        Hexes/Fire                   3
   Silence                            Hexes/Air                    5
   Darkness                           Hexes                        7
Magical staves
 t - an uncursed staff of energy (weapon)
 J - an uncursed staff of air
Miscellaneous
 l - a fan of gales


   Skills:
 - Level 8.4 Fighting
 - Level 16.1 Armour
 + Level 15.4 Dodging
 - Level 2.0 Stealth
 + Level 13.7 Shields
 - Level 11.2 Spellcasting
 - Level 11.6 Conjurations
 - Level 8.8 Charms
 - Level 23.9 Air Magic


You had 9 spell levels left.
You knew the following spells:

 Your Spells              Type           Power        Failure   Level  Hunger
a - Shock                 Conj/Air       ####         0%          1    None
b - Swiftness             Chrm/Air       #######...   0%          2    None
c - Repel Missiles        Chrm/Air       #######...   0%          2    None
d - Static Discharge      Conj/Air       #######.     0%          3    None
e - Lightning Bolt        Conj/Air       #######...   1%          5    None
f - Searing Ray           Conj           ######       1%          2    None
g - Regeneration          Chrm/Necr      #####.....   1%          3    None
h - Freezing Cloud        Conj/Ice/Air   ######....   1%          6    None
i - Tornado               Air            #######...   3%          9    None


Dungeon Overview and Level Annotations

Branches:
Dungeon (17/27)            Temple (1/1) D:7             Orc (4/4) D:10
    Elf (3/3) Orc:3          Lair (8/8) D:11          Swamp (0/5) Lair:3
 Spider (0/5) Lair:3       Vaults (5/5) D:17          Blade (0/1) Vaults:4
  Crypt (0/5) Vaults:2
  Slime: Lair:6-8

Altars:
Ashenzari
Cheibriados
Elyvilon
Fedhas
Kikubaaqudgha
Makhleb
Nemelex Xobeh
Okawaru
Sif Muna
Trog
Vehumet
Xom
Yredelemnul
Zin
the Shining One

Shops:
D:7 ?   D:11 ?=}*[   D:13 (   Orc:1 !   Orc:4 =*[(

Portals:
Bazaar: Vaults:4
Trove: Elf:1 (give 4 scrolls of blinking)

Annotations:
D:10 exclusion: silver statue
D:17 Agnes
Lair:5 exclusion: oklob plant


Innate Abilities, Weirdness & Mutations

You can fly continuously.
You have a beak for a mouth.
You have claws for feet.


Message History

A stone giant comes into view.
The stone giant shouts!
A yaktaur comes into view.
The yaktaur shouts!
The yaktaur wields a crossbow.
The yaktaur shoots a bolt.
The bolt is repelled.
The stone giant throws a large rock.
The large rock is repelled.
The yaktaur wields a crossbow.
The yaktaur shoots a bolt of flame.
The bolt of flame hits you!
* * * LOW HITPOINT WARNING * * *
Found a bolt of flame and a large rock. 3 yaktaurs and 2 yaktaur captains come into view.
You see here a bolt of flame.
Drink which item? (? for menu, Esc to quit)
Okay, then.
Read which item? (? for menu, Esc to quit)
As you read the scroll of fog, it crumbles to dust.
The scroll dissolves into smoke.
The yaktaur captain wields a crossbow.
The yaktaur captain shoots a steel bolt.
The steel bolt hits you!
You die...

#..#,*,**,**..#,,,*,,**,**,*,*
#..#,,,**,*#..#,,,*,,**,**,,,*
#..#,*,**,*#..#,,,*,,**,**,*,*
#..#,,,,,,,C..#*,**,,,,,,,,,,*
#..#,*,*#,*#..#*,**,,**,**,*,*
#..#,,,*#.##..##,**,,**,**,,,#
#..#,*,,,,..§§.,,,,,,,,,,,,*,#
#..#,,,**,*#§§#*,**,,**,**,,,#
#..#,*,**,*#§@#*,**,,**,**,*,#
#..#,...ccc.§§§c......,,,,,,,#
#..#,*.#c#.#.#(#.#.#.*,*,*,*,#
#.)#,,,,..,c.,..,..,,,,,,,,,,#
#..###########################
#.))...................(......
#..).).........(...(..%.......
##############################


You could see 2 yaktaur captains and 4 yaktaurs.

Vanquished Creatures
  Saint Roka (Elf:3)
  Norris (Elf:3)
  Nikola (D:15)
  A tentacled monstrosity (Vaults:5)
  2 deep elf blademasters (Elf:3)
  A titan (Vaults:4)
  2 deep elf master archers (Elf:3)
  A storm dragon (Vaults:5)
  3 sphinxes
  Rupert (Lair:8)
  Frances (Vaults:2)
  A shadow dragon (Vaults:5)
  A fire giant (Vaults:1)
  A tengu reaver (Vaults:5)
  Donald (Orc:4)
  7 deep elf sorcerers
  Aizul (D:15)
  10 vault wardens
  Gastronok (Orc:4)
  Jorgrun (D:17)
  8 deep elf demonologists (Elf:3)
  2 eidola (Vaults:4)
  15 stone giants
  3 deep elf annihilators (Elf:3)
  5 ettins
  The ghost of crypto177 the Basher, a powerful DsBe of Trog (Orc:3)
  3 deep elf high priests
  A dragon (Vaults:3)
  A deep elf death mage (Elf:3)
  14 yaktaur captains
  7 ironheart preservers
  44 vault guards
  2 great orbs of eyes
  7 hydras
  4 ravenous feature mimics
  Harold (Orc:2)
  An ice dragon (Vaults:3)
  A dancing weapon (Vaults:4)
  7 ogre magi
  Nessos (D:16)
  Erica (D:13)
  The ghost of zkyp the Unseen, a powerful HaAs of Fedhas (Lair:1)
  A vampire mage (Vaults:2)
  A deep troll earth mage (Vaults:1)
  2 very ugly things (Vaults:4)
  A deep troll shaman (Vaults:1)
  A storm dragon zombie (Vaults:2)
  A soul eater (Elf:3)
  3 orc high priests
  An iron golem (Vaults:2)
  A dryad (shapeshifter) (Elf:3)
  12 centaur warriors
  A fire crab (Vaults:1)
  16 deep elf knights
  7 deep trolls
  A storm dragon skeleton (Vaults:3)
  2 wizards
  4 skeletal warriors (D:15)
  An iron troll (Vaults:2)
  2 giant amoebae
  11 hill giants
  8 orc knights
  2 flayed ghosts
  8 ironbrand convokers
  18 cyclopes
  5 unseen horrors
  Joseph (Orc:1)
  14 deep elf conjurers
  5 griffons
  5 orc sorcerers
  A frost giant zombie (Vaults:1)
  A cyclops (shapeshifter) (Vaults:2)
  A wolf spider zombie (D:15)
  A fire giant zombie (Vaults:2)
  A wolf spider (Vaults:1)
  4 stone giant zombies
  2 phantasmal warriors
  A harpy (shapeshifter) (Vaults:4)
  3 red wasps
  8 elephants
  A spiny worm (Vaults:3)
  A frost giant skeleton (Vaults:1)
  8 vault sentinels
  5 sixfirhies
  6 stone giant skeletons
  A fire giant skeleton (Vaults:3)
  15 deep elf summoners
  The ghost of saturine the Covered, an experienced LOWn (D:6)
  A feature mimic (D:16)
  A smoke demon (Elf:3)
  A storm dragon simulacrum (Vaults:2)
  3 black mambas
  A small abomination (Elf:2)
  2 fire drakes
  17 spiny frogs
  35 yaktaurs
  A redback zombie (Vaults:2)
  2 hydra zombies
  A hellwing (Elf:3)
  3 jumping spiders
  9 komodo dragons
  8 deep elf priests
  2 polar bears (IceCv)
  A giant firefly (shapeshifter) (Vaults:1)
  A giant leech (Lair:7)
  A polar bear (shapeshifter) (Vaults:1)
  10 trolls
  A red devil (Elf:3)
  3 blue devils
  12 two-headed ogres
  A basilisk (shapeshifter) (Elf:2)
  2 boulder beetles (Vaults:3)
  A dragon zombie (D:16)
  A baby alligator (shapeshifter) (D:13)
  22 blink frogs
  A redback (shapeshifter) (Elf:2)
  60 yaks
  4 basilisks
  2 grizzly bears (shapeshifter)
  An ettin zombie (Vaults:2)
  22 slime creatures
  3 ettin skeletons
  22 deep elf magi
  5 vampires
  8 redbacks
  81 ugly things
  2 water elementals (D:17)
  10 hippogriffs
  A golden eye (shapeshifter) (D:16)
  2 hungry ghosts
  5 wraiths
  An elephant slug (Lair:4)
  13 deep elf fighters
  2 wyverns
  5 tarantellas (Elf:1)
  2 sharks
  Grum (Orc:2)
  A clay golem (D:16)
  3 rock worms
  19 vampire mosquitoes
  3 neqoxecs
  4 manticores
  3 golden eyes (Vaults:4)
  A soldier ant (D:16)
  A gargoyle (Vaults:1)
  26 wolves
  4 mottled dragons
  A steam dragon (D:11)
  A swamp worm (Lair:3)
  A necrophage (D:10)
  2 deep troll skeletons
  6 porcupines
  A freezing wraith (Vaults:4)
  11 giant goldfish
  19 ice beasts
  2 phantoms
  6 sky beasts
  3 black bears
  27 ogres
  41 orc warriors
  A boring beetle (shapeshifter) (Vaults:5)
  36 centaurs
  2 yellow wasps
  2 tengu (D:14)
  An ogre (shapeshifter) (D:17)
  10 crocodiles
  3 wargs
  2 yaktaur zombies
  13 big kobolds
  A hill giant simulacrum (D:14)
  6 agate snails
  5 giant slugs
  A komodo dragon zombie (D:15)
  2 insubstantial wisps (D:11)
  2 giant slug zombies
  A yaktaur skeleton (D:16)
  An earth elemental (Vaults:2)
  9 water moccasins
  42 giant frogs
  A manticore zombie (D:6)
  A manticore skeleton (D:9)
  9 jellyfish
  A wyvern zombie (D:9)
  An eye of draining (D:11)
  A yak zombie (D:7)
  9 electric eels
  17 killer bees
  13 wights
  6 goliath beetles
  A giant frog zombie (D:9)
  A centaur zombie (D:10)
  10 hounds
  18 orc priests
  11 crimson imps
  An elf zombie (Elf:1)
  2 quasits
  4 jellies
  31 orc wizards
  8 spiders (Lair:3)
  11 big fish
  2 two-headed ogre skeletons
  6 iguanas
  2 scorpions
  12 worker ants
  A killer bee zombie (D:9)
  13 orange rats
  An ogre zombie (D:16)
  25 sheep
  A mottled dragon zombie (D:15)
  2 mummies
  A hound skeleton (D:6)
  A human (shapeshifter) (Vaults:4)
  24 adders
  3 giant centipedes
  2 lemures
  2 giant mites
  55 green rats
  A goliath beetle zombie (D:8)
  5 worms
  A grey rat (Orc:4)
  6 giant eyeballs
  10 giant geckos
  2 oozes (D:3)
  199 orcs
  3 ball pythons
  17 bats
  8 giant cockroaches
  17 goblins
  21 hobgoblins
  24 jackals
  14 quokkas
  A giant cockroach zombie (D:6)
  A giant gecko zombie (D:6)
  3 giant newts
  6 giant spores
  29 kobolds
  A kobold zombie (D:8)
  An orc skeleton (D:7)
  An orc zombie (D:10)
  24 rats
  A rat skeleton (D:7)
  9 ballistomycetes
  A crawling corpse (Elf:2)
  11 fungi (Orc:4)
  20 plants
1834 creatures vanquished.

Vanquished Creatures (collateral kills)
  A demonic crawler (Elf:1)
  2 orange rats (Elf:1)
3 creatures vanquished.

Vanquished Creatures (others)
  A giant amoeba (Vaults:1)
  2 deep elf summoners (Elf:1)
  A deep elf mage (Elf:1)
  4 wolves (IceCv)
  A vampire mosquito (Vaults:1)
  A deep elf fighter (Elf:1)
  A sky beast (D:11)
  An orange rat (Elf:1)
  12 fungi
  6 plants
30 creatures vanquished.

Grand Total: 1867 creatures vanquished

Notes
Turn   | Place    | Note
--------------------------------------------------------------
     0 | D:1      | JacquesDerrida, the Tengu Air Elementalist, began the quest for the Orb.
     0 | D:1      | Reached XP level 1. HP: 10/10 MP: 3/3
   400 | D:1      | Reached XP level 2. HP: 13/15 MP: 0/5
   847 | D:2      | Reached XP level 3. HP: 6/19 MP: 1/7
   993 | D:2      | Learned a level 2 spell: Swiftness
  1283 | D:2      | Found a sparkling altar of Nemelex Xobeh.
  1673 | D:2      | Reached XP level 4. HP: 15/24 MP: 5/9
  2294 | D:3      | Learned a level 2 spell: Repel Missiles
  2298 | D:3      | Learned a level 3 spell: Static Discharge
  2398 | D:3      | Found a deep blue altar of Sif Muna.
  2407 | D:3      | Found a glowing silver altar of Zin.
  2691 | D:3      | Reached XP level 5. HP: 26/28 MP: 10/12
  3932 | D:4      | Reached skill level 5 in Air Magic
  4193 | D:5      | Entered Level 5 of the Dungeon
  4227 | D:5      | Reached skill level 5 in Conjurations
  4227 | D:5      | Reached XP level 6. HP: 28/32 MP: 3/14
  4437 | D:5      | Noticed a sky beast
  4468 | D:4      | Killed a sky beast
  4468 | D:4      | Reached skill level 6 in Air Magic
  4874 | D:5      | Reached XP level 7. HP: 36/36 MP: 11/16
  5699 | D:6      | Reached skill level 7 in Air Magic
  5764 | D:6      | Learned a level 5 spell: Lightning Bolt
  5769 | D:6      | Noticed saturine's ghost (experienced LOWn)
  5867 | D:6      | Killed saturine's ghost
  5867 | D:6      | Reached skill level 8 in Air Magic
  5867 | D:6      | Reached XP level 8. HP: 28/41 MP: 1/20
  6104 | D:6      | Reached skill level 5 in Spellcasting
  6437 | D:6      | Reached skill level 9 in Air Magic
  6906 | D:7      | Found a snail-covered altar of Cheibriados.
  6968 | D:7      | Found a staircase to the Ecumenical Temple.
  6979 | Temple   | Entered the Ecumenical Temple
  7053 | Temple   | Became a worshipper of Vehumet
  7093 | D:7      | Found Migoak's Magic Scroll Shoppe.
  7101 | D:7      | Bought a scroll of blinking for 82 gold pieces
  7482 | D:7      | Reached XP level 9. HP: 38/45 MP: 16/22
  7544 | D:7      | Reached skill level 5 in Dodging
  7996 | D:7      | Reached skill level 1 in Armour
  8381 | D:7      | Acquired Vehumet's first power
  8381 | D:7      | Offered knowledge of Sting by Vehumet.
  8661 | D:8      | Reached skill level 5 in Armour
  8793 | D:8      | Reached XP level 10. HP: 50/50 MP: 19/23
  8814 | D:8      | Reached skill level 10 in Conjurations
  8823 | D:8      | Offered knowledge of Searing Ray by Vehumet.
  8908 | D:8      | Learned a level 2 spell: Searing Ray
  9741 | D:9      | Reached skill level 11 in Conjurations
  9879 | D:9      | Offered knowledge of Throw Flame by Vehumet.
 10260 | D:9      | Acquired Vehumet's second power
 10377 | D:9      | Reached skill level 1 in Fighting
 10417 | D:9      | Reached skill level 10 in Air Magic
 10744 | D:9      | Reached XP level 11. HP: 56/56 MP: 18/25
 11045 | D:9      | Offered knowledge of Mephitic Cloud by Vehumet.
 11064 | D:9      | Learned a level 3 spell: Mephitic Cloud
 11485 | D:10     | Entered Level 10 of the Dungeon
 11542 | D:10     | Acquired Vehumet's third power
 11591 | D:10     | Offered knowledge of Venom Bolt by Vehumet.
 11951 | D:10     | Found a staircase to the Orcish Mines.
 12347 | D:10     | Killed an unseen horror
 12529 | D:11     | Killed an unseen horror
 12529 | D:11     | Reached skill level 12 in Air Magic
 12529 | D:11     | Found Ysimm's General Store.
 12790 | D:11     | Bought a potion of heal wounds for 39 gold pieces
 13148 | D:11     | Found a staircase to the Lair.
 13176 | Lair:1   | Entered Level 1 of the Lair of Beasts
 13193 | Lair:1   | Noticed zkyp's ghost (powerful HaAs)
 13382 | Lair:1   | Killed zkyp's ghost
 13382 | Lair:1   | Reached skill level 13 in Air Magic
 13830 | Lair:1   | Reached XP level 12. HP: 60/60 MP: 23/28
 14138 | Lair:2   | Offered knowledge of Throw Icicle by Vehumet.
 14613 | Lair:2   | Got a crude hand axe
 14617 | Lair:2   | Identified the +5,+9 hand axe "Wyffool" {chop, *Rage rElec rN+ Dex+1} (You found it on level 2 of the Lair of Beasts)
 14871 | Lair:3   | Noticed a seven-headed hydra
 14888 | Lair:3   | Killed a seven-headed hydra
 14888 | Lair:3   | Reached skill level 10 in Armour
 15039 | Lair:3   | Reached skill level 14 in Air Magic
 15740 | Lair:3   | Noticed a four-headed hydra
 15801 | Lair:3   | Killed a four-headed hydra
 16377 | Lair:3   | Found a hole to the Spider Nest.
 17073 | Lair:3   | Found a staircase to the Swamp.
 17284 | Lair:4   | Offered knowledge of Delayed Fireball by Vehumet.
 17284 | Lair:4   | Reached skill level 15 in Air Magic
 17795 | Lair:4   | Found a white marble altar of Elyvilon.
 18113 | Lair:4   | Reached XP level 13. HP: 61/65 MP: 9/29
 18778 | Lair:5   | Got a smoking glaive
 18797 | Lair:4   | Identified the +2,+11 glaive "Kaelol" {chop, +Rage} (You found it on level 5 of the Lair of Beasts)
 18818 | Lair:5   | Reached skill level 16 in Air Magic
 20770 | Lair:6   | Found a frozen archway.
 20957 | IceCv    | Entered an ice cave
 21157 | IceCv    | Offered knowledge of Conjure Ball Lightning by Vehumet.
 21498 | Lair:6   | Reached skill level 17 in Air Magic
 21692 | Lair:6   | Gained mutation: Your vision is a little blurry. [potion of mutation]
 21692 | Lair:6   | Gained mutation: You are weak. (Str -2) [potion of mutation]
 21692 | Lair:6   | Gained mutation: Your mind is acute. (Int +2) [potion of mutation]
 21773 | Lair:6   | Got a smoking spear
 21774 | Lair:6   | Identified the spear of a void {pierce, +Blink MR++} (You found it on level 6 of the Lair of Beasts)
 22941 | Lair:7   | Got a blackened dire flail
 22943 | Lair:7   | Identified the +7,+2 dire flail of Doom {venom, rC++ MR++ Stlth-} (You found it on level 7 of the Lair of Beasts)
 23166 | Lair:7   | Learned a level 6 spell: Freezing Cloud
 23370 | Lair:7   | Reached XP level 14. HP: 65/70 MP: 26/30
 23625 | Lair:8   | Entered Level 8 of the Lair of Beasts
 23849 | Lair:7   | Reached skill level 18 in Air Magic
 23892 | Lair:8   | Noticed Rupert
 23896 | Lair:8   | Killed Rupert
 25535 | Lair:8   | Got an encrusted plate armour
 25536 | Lair:8   | Identified the +7 plate armour of Reason {rN+} (You found it on level 8 of the Lair of Beasts)
 26718 | D:11     | Found Ovijuot's Gadget Emporium.
 26718 | D:11     | Found Cleff's Jewellery Emporium.
 26722 | D:11     | Bought a cursed ring of hunger for 32 gold pieces
 26796 | D:11     | Found Afeat's Magic Scroll Shop.
 26876 | D:11     | Found Omenyt's Armour Emporium.
 26884 | D:11     | Bought the cursed +0 ring mail of the Eight Stars {+Rage +Inv rC++ rN+ MR++ Acc+6 Stlth-} for 442 gold pieces
 27133 | D:12     | Reached skill level 19 in Air Magic
 27236 | D:12     | Offered knowledge of Poison Arrow by Vehumet.
 27745 | D:12     | Reached skill level 1 in Shields
 28030 | D:11     | Bought an uncursed amulet of the gourmand for 480 gold pieces
 28444 | D:12     | Identified Sif Muna's Compendium of the Voyage and Contamination
 28701 | D:13     | Noticed Erica
 28710 | D:13     | Killed Erica
 28852 | D:13     | Found Piwutt's Antique Weapon Boutique.
 29362 | D:14     | Entered Level 14 of the Dungeon
 29650 | D:14     | Reached XP level 15. HP: 68/74 MP: 20/32
 30064 | D:14     | Found a gateway to a bazaar.
 30119 | D:14     | Reached skill level 5 in Shields
 30377 | D:14     | Offered knowledge of Bolt of Fire by Vehumet.
 30399 | D:14     | Reached skill level 20 in Air Magic
 31255 | Orc:1    | Entered Level 1 of the Orcish Mines
 31391 | Orc:1    | Found Jononkio's Distillery.
 31606 | Orc:1    | Noticed Joseph
 31620 | Orc:1    | Killed Joseph
 31887 | Orc:2    | Noticed Grum
 31894 | Orc:2    | Killed Grum
 31993 | Orc:2    | Offered knowledge of Bolt of Draining by Vehumet.
 32103 | Orc:2    | Noticed Harold
 32109 | Orc:2    | Killed Harold
 32566 | Orc:3    | Noticed crypto177's ghost (powerful DsBe)
 33012 | Orc:3    | Found a staircase to the Elven Halls.
 33162 | Orc:3    | Killed crypto177's ghost
 33409 | Orc:4    | Entered Level 4 of the Orcish Mines
 33849 | Orc:4    | Found Creemei's Antique Weapon Shop.
 33924 | Orc:4    | Noticed Donald
 34112 | Orc:4    | Found Cleiclah's Antique Armour Boutique.
 34121 | Orc:4    | Bought a runed elven buckler for 72 gold pieces
 34192 | Orc:4    | Killed Donald
 34636 | Orc:4    | Found Hoaseili's General Store.
 34751 | Orc:4    | Noticed Gastronok
 34780 | Orc:4    | Killed Gastronok
 34842 | Orc:4    | Found Namoxo Tethra's Jewellery Boutique.
 35348 | Bazaar   | Entered a bazaar
 35349 | Bazaar   | Found Phiniryi's Distillery.
 35367 | Bazaar   | Found Klayrow's Food Boutique.
 35377 | Bazaar   | Found Ysaesos' Food Emporium.
 35390 | Bazaar   | Found Ilobaxix's Food Emporium.
 35431 | Bazaar   | Bought a potion of heal wounds for 36 gold pieces
 35431 | Bazaar   | Bought a potion of heal wounds for 36 gold pieces
 35431 | Bazaar   | Bought a potion of heal wounds for 36 gold pieces
 35434 | Bazaar   | Bought a potion of slowing for 12 gold pieces
 35438 | Bazaar   | Bought a potion of curing for 24 gold pieces
 35438 | Bazaar   | Bought a potion of curing for 24 gold pieces
 35657 | Orc:4    | Bought the ring "Nyvolim" {Wiz Str+5 Int+5} for 790 gold pieces
 35663 | Orc:4    | Bought the amulet "Muutugg" {Cons rPois rN+ MR++} for 565 gold pieces
 35726 | Elf:1    | Entered Level 1 of the Elven Halls
 36780 | Elf:1    | Found a portal to a secret trove of treasure.
 36977 | Elf:1    | Reached skill level 5 in Fighting
 36977 | Elf:1    | Reached skill level 15 in Armour
 37628 | Elf:1    | Offered knowledge of Poisonous Cloud by Vehumet.
 37704 | Elf:1    | Reached XP level 16. HP: 76/85 MP: 30/34
 39537 | Elf:3    | Entered Level 3 of the Elven Halls
 39605 | Elf:3    | Noticed Saint Roka
 39960 | Elf:3    | Noticed a storm dragon
 39960 | Elf:3    | an azure jelly changed into a storm dragon
 39967 | Elf:3    | a storm dragon changed into a satyr
 40297 | Elf:3    | Noticed a Shadow Fiend
 40376 | Elf:3    | Noticed Norris
 40946 | Elf:3    | Noticed a Brimstone Fiend
 41019 | Elf:2    | Reached skill level 21 in Air Magic
 41227 | Elf:3    | Killed Norris
 41227 | Elf:3    | Reached skill level 10 in Spellcasting
 41620 | Elf:3    | Killed Saint Roka
 42163 | Elf:3    | Reached XP level 17. HP: 94/94 MP: 23/35
 42365 | Elf:3    | Noticed a deep elf blademaster
 42496 | Elf:3    | Reached skill level 1 in Charms
 42502 | Elf:3    | Noticed a deep elf master archer
 42507 | Elf:3    | Killed a deep elf master archer
 42519 | Elf:3    | Killed a deep elf blademaster
 42574 | Elf:3    | Noticed a deep elf blademaster
 42594 | Elf:3    | Killed a deep elf blademaster
 42632 | Elf:3    | Noticed a deep elf master archer
 42638 | Elf:3    | Killed a deep elf master archer
 42758 | Elf:3    | Identified Vehumet's Tome of Conjuration (You found it on level 3 of the Elven Halls)
 42773 | Elf:3    | Got a transparent falchion
 42775 | Elf:3    | Identified the +7,+3 falchion "Obiepal" {flame, rF+} (You found it on level 3 of the Elven Halls)
 42865 | Elf:3    | Got a scintillating jade ring
 42874 | Elf:3    | Learned a level 3 spell: Regeneration
 42884 | Elf:3    | Got a fine mace
 42886 | Elf:3    | Got a warped dagger
 42910 | Elf:3    | Got an iridescent mace
 42913 | Elf:3    | Got a shimmering ring mail
 42915 | Elf:3    | Identified the +5 ring mail "Nudaxont" {Dex-3 Int+3} (You found it on level 3 of the Elven Halls)
 42918 | Elf:3    | Identified the ring "Schina" {Str+3 Dex+1} (You found it on level 3 of the Elven Halls)
 42921 | Elf:3    | Identified the mace "Skar" {crush, rF- Str+1 Int+1} (You found it on level 3 of the Elven Halls)
 42923 | Elf:3    | Identified the dagger "Taniegy" {stab, rElec} (You found it on level 3 of the Elven Halls)
 42925 | Elf:3    | Identified the mace of Equivalence {holy, *Rage rN+ Int-1} (You found it on level 3 of the Elven Halls)
 43344 | D:11     | Reached skill level 5 in Charms
 43426 | D:15     | Entered Level 15 of the Dungeon
 43500 | D:15     | Noticed Nikola
 43519 | D:15     | Killed Nikola
 44191 | D:15     | Noticed Aizul
 44211 | D:15     | Killed Aizul
 44460 | D:16     | Noticed Nessos
 44469 | D:16     | Killed Nessos
 44767 | D:16     | Upgraded the game from 0.13-a0-2816-gd8154f0 to 0.13-a0-2832-g473017b
 45590 | D:16     | Identified a scroll of acquirement
 45676 | D:16     | Offered knowledge of Fire Storm by Vehumet.
 45676 | D:16     | Offered knowledge of Ice Storm by Vehumet.
 45676 | D:16     | Offered knowledge of Tornado by Vehumet.
 45713 | D:16     | Learned a level 9 spell: Tornado
 46187 | D:17     | Reached skill level 22 in Air Magic
 46291 | D:17     | Noticed Jorgrun
 46304 | D:17     | Reached XP level 18. HP: 87/100 MP: 11/36
 46314 | D:17     | Killed Jorgrun
 46491 | D:17     | Found a staircase to the Vaults.
 46846 | D:17     | Noticed Agnes
 47287 | D:17     | Found a burning altar of Makhleb.
 47419 | Vaults:1 | Entered Level 1 of the Vaults
 47644 | Vaults:1 | Reached skill level 23 in Air Magic
 48840 | Vaults:1 | Lost mutation: Your vision is a little blurry. [potion of cure mutation]
 48840 | Vaults:1 | Lost mutation: Your mind is acute. (Int +2) [potion of cure mutation]
 48909 | Vaults:1 | HP: 2/100 [stone giant/ large rock (21)]
 49656 | Vaults:2 | Noticed Frances
 49670 | Vaults:2 | Killed Frances
 51035 | Orc:4    | Bought a faintly humming leather armour for 168 gold pieces
 51036 | Orc:4    | Identified the cursed +1 leather armour of Instinct {+Rage SInv} (You bought it in a shop on level 4 of the Orcish Mines)
 51955 | Vaults:2 | HP: 1/100 [yaktaur captain/ bolt (23)]
 52405 | Vaults:2 | Found a staircase to the Crypt.
 52476 | Vaults:2 | Reached XP level 19. HP: 104/104 MP: 21/37
 52954 | Vaults:2 | Reached skill level 10 in Dodging
 54748 | Vaults:3 | Reached skill level 10 in Shields
 55966 | Vaults:4 | HP: 2/104 [yaktaur captain/ bolt (14)]
 56412 | Vaults:4 | Reached XP level 20. HP: 64/111 MP: 26/38
 56552 | Vaults:4 | Identified the Volume of Bewitchment
 56554 | Vaults:4 | Upgraded the game from 0.13-a0-2832-g473017b to 0.13-a0-2859-gb62c5ab
 56749 | Vaults:4 | Found a staircase to the Hall of Blades.
 57294 | Vaults:4 | Found a gateway to a bazaar.
 57376 | Vaults:5 | Entered Level 5 of the Vaults
 58064 | Vaults:5 | Reached skill level 15 in Dodging
 58594 | Vaults:5 | Got a silver rune of Zot
 58896 | Vaults:5 | Reached XP level 21. HP: 76/116 MP: 37/38
 58948 | Vaults:5 | Shot with a steel bolt by a yaktaur captain

Action                   |  1- 3 |  4- 6 |  7- 9 | 10-12 | 13-15 | 16-18 | 19-21 || total
-------------------------+-------+-------+-------+-------+-------+-------+-------++-------
Melee: Unarmed           |    25 |    41 |       |       |       |       |       ||    66
       Flail             |       |     4 |     4 |       |       |       |       ||     8
       Staff             |       |       |     4 |    34 |     9 |    55 |    25 ||   127
       Hand axe          |       |       |       |       |    40 |       |       ||    40
       Spear             |       |       |       |       |     3 |       |       ||     3
       Falchion          |       |       |       |       |       |    16 |       ||    16
 Fire: Blowgun           |       |       |     5 |       |       |       |       ||     5
Throw: Hand axe          |       |       |       |     1 |     1 |       |       ||     2
 Cast: Shock             |    57 |   112 |   278 |   406 |   708 |   230 |       ||  1791
       Static Discharge  |       |     2 |     7 |    62 |   198 |    61 |     9 ||   339
       Swiftness         |       |       |     8 |    17 |    42 |    39 |    16 ||   122
       Lightning Bolt    |       |       |     7 |    35 |    94 |    59 |     2 ||   197
       Repel Missiles    |       |       |     2 |     2 |    16 |    31 |    36 ||    87
       Searing Ray       |       |       |       |   160 |    94 |     5 |       ||   259
       Mephitic Cloud    |       |       |       |     3 |     2 |       |       ||     5
       Freezing Cloud    |       |       |       |       |   141 |   160 |    86 ||   387
       Tornado           |       |       |       |       |       |    73 |    95 ||   168
       Regeneration      |       |       |       |       |       |    14 |    27 ||    41
 Abil: Fly               |       |       |     1 |    10 |     5 |       |     1 ||    17
       Stop Flying       |       |       |       |       |       |       |     1 ||     1
Evoke: Wand              |       |     6 |     8 |    12 |    11 |     9 |       ||    46
       Miscellaneous     |       |       |       |     1 |       |    10 |     4 ||    15
  Use: Scroll            |       |       |    20 |    15 |    13 |    14 |     9 ||    71
       Potion            |       |       |       |     8 |     7 |    11 |     5 ||    31
 Stab: Sleeping          |     3 |     1 |     2 |       |       |       |       ||     6
       Confused          |       |       |       |       |     1 |       |       ||     1
